 Dungeon Crawl Stone Soup version 0.30.0-18-gc0e69614cb (webtiles) character file.

Game seed: 192814584874832806

59 Irreverend the Ruffian (level 3, -4/29 HPs)
             Began as a Draconian Transmuter on May 26, 2023.
             Slain by Natasha (6 damage)
             ... on level 2 of the Dungeon.
             The game lasted 00:02:38 (1434 turns).

Irreverend the Ruffian (Draconian Transmuter)       Turns: 1434, Time: 00:02:39

Health: -4/29      AC:  5    Str: 12    XL:     3   Next: 78%
Magic:  3/6        EV: 12    Int: 15    God:
Gold:   61         SH:  0    Dex: 11    Spells: 3/6 levels left

rFire   . .          .
                       - Unarmed
rCold   . . .        (no shield)
rNeg    . . .        (body armour unavailable)
rPois   .            (helmet currently unavailable)
rElec   .            (no cloak)
rCorr   .            (no gloves)
SInv    .            (boots currently unavailable)
Will    .....        (no amulet)
Stlth   +            (no ring)
HPRegen 0.24/turn    (no ring)
MPRegen 0.10/turn

%: no passive effects
@: appendages (expiring), wereblooded
A: horns 2, talons 2, AC +5, unfitting armour, cold-blooded
a: End Transformation


You were on level 2 of the Dungeon.
You had temporarily grown beastly horns and talons.
You visited 1 branch of the dungeon, and saw 2 of its levels.

You collected 61 gold pieces.

Inventory:

Scrolls
 b - 2 scrolls of identify {unknown}
 c - a scroll of magic mapping {unknown}
 d - a scroll of noise {unknown}
Potions
 a - a potion of lignification
 e - 2 potions of curing {unknown}
 f - a potion of cancellation {unknown}


   Skills:
 + Level 2.0 Fighting
 + Level 2.3 Dodging
 * Level 3.8 Unarmed Combat
 - Level 2.0 Spellcasting
 + Level 2.5 Transmutations


You had 3 spell levels left.
You knew the following spells:

 Your Spells              Type           Power      Damage    Failure   Level
a - Beastly Appendage     Tmut           18%        N/A       8%          1
b - Wereblood             Tmut           9%         N/A       12%         2

Your spell library contained the following spells:

 Spells                   Type           Power      Damage    Failure   Level
 Spider Form              Tmut/Pois      5%         N/A       36%         3
 Ice Form                 Ice/Tmut       5%         N/A       78%         4


Dungeon Overview and Level Annotations

Branches:
Dungeon (2/15)

Altars:

Annotations:
D:2 Natasha


Innate Abilities, Weirdness & Mutations

You have temporarily grown beastly horns and talons.
Your plain brown scales are hard. (AC +5)
You cannot fit into any form of body armour.
You are cold-blooded and may be slowed by cold attacks.


Message History

Casting: Beastly Appendage (safe; 8% risk of failure)
Confirm with . or Enter, or press ? or * to list all spells.
Your blood is infused with primal strength.
Natasha claws the fungus.
The fungus begins to die.
Natasha mumbles some strange words.
You see here a +0 leather armour.
Natasha zaps a wand.
The roots erupt in riotous growth!
The grasping roots grab you!
Natasha is unaffected.
The fungus is unaffected. x2
The grasping roots constrict you.
You hear an angry hiss.
You hear a shout!
You hit Natasha but do no damage. You claw Natasha.
Natasha is moderately wounded.
A nearby fungus withers and dies.
The cerulean imp closely misses you. Natasha claws you!
The grasping roots constrict you.
You hit Natasha. You tail-slap Natasha.
Natasha is heavily wounded.
A nearby fungus withers and dies.
The cerulean imp barely misses you.
An adder comes into view.
Natasha closely misses you. The grasping roots constrict you.
You hit Natasha. You claw Natasha, but do no damage.
Natasha is almost dead.
The cerulean imp hits you from afar with a +1 spear.
* * * LOW HITPOINT WARNING * * *
Natasha closely misses you. The grasping roots constrict you.
* * * LOW HITPOINT WARNING * * *
You closely miss Natasha. Your kick misses Natasha.
Natasha is almost dead.
Your transformation is almost over.
The cerulean imp hits you from afar with a +1 spear.
* * * LOW HITPOINT WARNING * * *
The grasping roots release their grip on you.
You closely miss Natasha. Your kick misses Natasha.
Your headbutt misses Natasha.
Natasha is almost dead.
Natasha claws you but does no damage.
The cerulean imp hits you from afar with a +1 spear.
* * * LOW HITPOINT WARNING * * *
Natasha attacks as you move away! Natasha claws you.
You die...

#†# #.# ####.###.#
#####.....##.#
#.....PPP..#.#
#.#..P.P.P...########
##.#..P....P..........
....5PP.8.P..#########
.###h.P[$.PP.#
#.@.P.P...#
##..PPP...# ##...$...#
#..###.## #S.# #.#
.... .# ##..## ...#


You could see Natasha, a cerulean imp (summoned) and an adder.

Vanquished Creatures
  Natasha (D:2)
  An adder (D:2)
  A dart slug (D:2)
  4 ball pythons
  5 endoplasms (D:1)
  A goblin (D:1)
  4 hobgoblins
  A bat (D:1)
  3 frilled lizards
  A kobold (D:1)
  A rat (D:1)
23 creatures vanquished.

Notes
Turn   | Place    | Note
-------+----------+-------------------------------------------
     0 | D:1      | Irreverend the Draconian Transmuter began the quest for the
                  | Orb.
     0 | D:1      | Reached XP level 1. HP: 16/16 MP: 3/3
   363 | D:1      | Reached XP level 2. HP: 23/23 MP: 3/5
   435 | D:1      | Learned a level 2 spell: Wereblood
   753 | D:1      | Found a faded altar of an unknown god.
  1097 | D:2      | Noticed Natasha
  1108 | D:2      | Killed Natasha
  1109 | D:2      | Reached XP level 3. HP: 11/29 MP: 2/6
  1422 | D:2      | Noticed Natasha
  1434 | D:2      | Slain by Natasha

Illustrated notes

Levels and vault maps discovered:
D:1:      dpeg_arrival_rooms_a, layout_loops_corners,
          shapermc_ecumenical_altar_rom_forum
D:2:      layout_loops_ring, dreamdust_mushroom_princess, minmay_misc_feat_chi,
          uniq_jessica, uniq_natasha

Skill      XL: |  1  2  3 |
---------------+----------+-----
Dodging        | 2 |  2.3
Fighting       | 2 |  2.0
Unarmed Combat | |  3.8
Spellcasting   | |  2.0
Transmutations | |  2.5

Action                     || total
---------------------------++-------
  Melee: Unarmed           ||    65
         Kick              ||     9
         Tailslap          ||    10
         Headbutt          ||     6
         Punch             ||     2
   Cast: Beastly Appendage ||    16
         Wereblood         ||     4
 Armour: Skin              ||    13
  Dodge: Dodged            ||    33
